cohdb
Replays
Latest Replays
All Replays
Popular Replays
Top Player Replays
Match Explorer
How It Works
Community
CoH3 Stats
Reddit
Sign in to upload your games and track your stats! →
Sign in with Steam
Match 43773287
Unlisted
Match 43773287
Overview
Messages
Build Orders
End
Royal Engineer Section
Construct Section Command Post
Dingo Light Scout Car
Dingo Light Scout Car
Royal Engineer Section
Selects Canadian Shock Battlegroup
Selects Attacking Spirit
Selects Canadian Shock Section
Canadian Shock Section
Construct Platoon Command Post
Canadian Shock Section
6-pounder Anti-tank Gun Team
Canadian Shock Section
Canadian Shock Section
Selects Incendiary Munitions
Selects Pyrotechnics
Construct Company Command Post
Crusader II Medium Tank
Vickers Machine Gun Team
Foot Guards Section
Royal Engineer Section
Crusader II Medium Tank
brn4meplz
Jodomar
shadowking
Lionel23
Majken
Flash
[PD] [9C] [FT] Claudius Tacitus
Nico-Nico-Nii~~
0
0
Comments
sign in to comment!
No comments posted yet!